 Dungeon Crawl Stone Soup version 0.31.0-11-ge490571c62 (webtiles) character file.

Game seed: 9372599763622442589

42 dialectric the Trooper (level 3, -4/29 HPs)
             Began as a Demonspawn Fighter on Feb 3, 2024.
             Slain by Sigmund
             ... wielding a +0 scythe
              (6 damage)
             ... on level 2 of the Dungeon.
             The game lasted 00:01:14 (980 turns).

dialectric the Trooper (Demonspawn Fighter)          Turns: 980, Time: 00:01:15

Health: -4/29      AC:  6    Str: 24    XL:     3   Next: 33%
Magic:  3/3        EV: 10    Int:  8    God:
Gold:   17         SH:  0    Dex: 12    Spells: 2/2 levels left

rFire   . . .        a - +0 flail
rCold   . . .        (no shield)
rNeg    . . .        b - +0 scale mail
rPois   .            (helmet restricted)
rElec   .            (no cloak)
rCorr   .            (no gloves)
SInv    .            (no boots)
Will    .....        (no amulet) Stlth
                     e - +6 ring of strength
HPRegen 0.24/turn    (no ring)
MPRegen 0.08/turn

%: no passive effects
@: mighty
A: antennae 1
a: no special abilities


You were on level 2 of the Dungeon.
You visited 1 branch of the dungeon, and saw 2 of its levels.

You collected 17 gold pieces.

Inventory:

Hand Weapons
 a - a +0 flail (weapon)
Armour
 b - a +0 scale mail (worn)
Jewellery
 e - a +6 ring of strength (left hand)
 f - a ring of flight
Scrolls
 j - a scroll of teleportation {unknown}
Potions
 c - a potion of curing {unknown}
 g - a potion of heal wounds {unknown}
 h - a potion of enlightenment {unknown}
 i - a potion of lignification {unknown}


   Skills:
 + Level 3.4 Fighting
 + Level 2.3 Maces & Flails
 + Level 3.1 Armour
 + Level 0.1 Dodging
 + Level 3.0 Shields


You had 2 spell levels left.
You didn't know any spells.
Your spell library contained the following spells:

 Spells                   Type           Power      Damage    Failure   Level
 Foxfire                  Conj/Fire      0%         2x1d4     71%         1
 Summon Forest            Summ/Tloc      0%         N/A       100%        5
 Eringya's Noxious Bog    Alch           0%         4d6       100%        6
 Plasma Beam              Fire/Air       0%         2x1d10    100%        6
 Starburst                Conj/Fire      0%         6d3       100%        6
 Summon Hydra             Summ           0%         N/A       100%        7


Dungeon Overview and Level Annotations

Branches:
Dungeon (2/15)

Altars:

Annotations:
D:2 Robin, Sigmund


Innate Abilities, Weirdness & Mutations

You have a pair of small antennae on your head.


Message History

You sock Sigmund!
Sigmund is moderately wounded.
A goblin comes into view. It is wielding a +0 dagger.
Sigmund casts a spell at you.
You are confused.
There are monsters nearby!
You are too confused!
You feel very mighty all of a sudden.
The goblin shouts!
You hear a shout!
The goblin unwields a +0 dagger.
The goblin wields a +0 sling.
The goblin shoots a sling bullet.
The sling bullet hits you. Sigmund hits you with a +0 scythe!
Unknown command.
A dart slug comes into view.
The goblin shoots a sling bullet.
The sling bullet completely misses you.
Robin shouts!
Robin roars a battlecry!
The goblin goes into a battle-frenzy!
Sigmund gestures at you while chanting. The puff of flame hits you.
The goblin shoots a sling bullet.
The sling bullet barely misses you.
A goblin comes into view. It is wielding a +0 club.
Sigmund casts a spell at you. The puff of flame misses you.
The goblin shoots a sling bullet.
The sling bullet hits you.
The goblin shouts!
You feel less confused.
Sigmund gestures wildly while chanting.
Sigmund flickers and vanishes!
Deactivating autopickup; reactivate with Ctrl-A.
The goblin shoots a sling bullet.
The sling bullet hits you. Something hits you.
* * * LOW HITPOINT WARNING * * *
The dart slug launches a dart at you. The slug dart hits you.
* * * LOW HITPOINT WARNING * * *
The goblin shoots a sling bullet.
The sling bullet hits you.
* * * LOW HITPOINT WARNING * * *
Something hits you.
You die...

... #........ ...###
#........ ....#######
##........
#........###.........
######......(........†....
........#.............####
............######....#
..g.w........# #....#
###gg...{@...# #....#
#..........# ######
#..........# #..........#
############


You could see Robin, a dart slug and 2 goblins.

Vanquished Creatures
  A bat (D:2)
  4 endoplasms
  6 giant cockroaches
  8 goblins
  3 hobgoblins
  2 kobolds (D:1)
  2 quokkas
  6 ball pythons
  2 rats (D:1)
34 creatures vanquished.

Notes
Turn   | Place    | Note
-------+----------+-------------------------------------------
     0 | D:1      | dialectric the Demonspawn Fighter began the quest for the
                  | Orb.
     0 | D:1      | Reached XP level 1. HP: 18/18 MP: 1/1
   150 | D:1      | Gained mutation: You have a pair of small antennae on your
                  | head. [demonic ancestry]
   150 | D:1      | Reached XP level 2. HP: 24/24 MP: 2/2
   672 | D:2      | Noticed Robin
   693 | D:1      | Reached XP level 3. HP: 13/29 MP: 3/3
   969 | D:2      | Noticed Sigmund
   980 | D:2      | Slain by Sigmund

Illustrated notes

Levels and vault maps discovered:
D:1:      evilmike_arrival_hilbert_curve, layout_rooms
D:2:      layout_rooms, basic_altar, uniq_robin, uniq_sigmund

Skill      XL: |  1  2 |
---------------+-------+-----
Maces & Flails | 2 |  2.3
Armour         | 3 |  3.1
Shields        | 3 |  3.0
Fighting       | |  3.4
Dodging        | |  0.1

Action                     || total
---------------------------++-------
  Melee: Flail             ||    90
         Punch             ||     1
    Use: Potion            ||     1
 Armour: Scale mail        ||   109
  Dodge: Dodged            ||    61
